 Dungeon Crawl Stone Soup version 0.17.0-27-g4a3f43e (webtiles) character file.

217 inmateoo the Spear-Bearer (level 5, -4/38 HPs)
             Began as a Merfolk Skald on Nov 21, 2015.
             Slain by a worker ant (5 damage)
             ... on level 3 of the Dungeon.
             The game lasted 00:07:59 (3130 turns).

inmateoo the Spear-Bearer (Merfolk Skald)           Turns: 3130, Time: 00:08:00

Health: -4/38      AC:  6    Str: 11 (13) XL:     5   Next: 94%
Magic:  8/8        EV: 14    Int: 17      God:
Gold:   125        SH:  0    Dex: 13      Spells: 3 memorised, 2 levels left

rFire  . . .     SeeInvis .     a - +0 spear
rCold  . . .     Clarity  +     g - +0 ring mail
rNeg   . . .     SustAt   .     (no shield)
rPois  .         Gourm    .     h - +0 helmet
rElec  .         Spirit   .     (no cloak)
rCorr  .         Warding  .     (no gloves)
rMut   .         Stasis   .     (no boots)
MR     .....                    k - amulet of clarity
Stlth  +.........               (no ring)
                                j - +4 ring of evasion

@: brilliant, lethally poisoned (-4 -> -7), not resistant to hostile
enchantments, very unstealthy
A: change form in water, swift swim
a: no special abilities


You were on level 3 of the Dungeon.
You were hungry.

You visited 1 branch of the dungeon, and saw 4 of its levels.

You collected 125 gold pieces.

Inventory:

Hand Weapons
 a - a +0 spear (weapon)
 o - a +0 halberd
Armour
 g - a +0 ring mail (worn)
 h - a +0 helmet (worn)
Jewellery
 j - a +4 ring of evasion (left hand)
 k - an amulet of clarity (around neck)
Scrolls
 i - 2 scrolls of remove curse
 l - a scroll of amnesia
Potions
 b - a potion of brilliance
Books
 c - a book of Battle

   Spells                             Type                      Level
   a - Infusion                       Charms                       1
   b - Shroud of Golubria             Charms/Translocation         2
   c - Song of Slaying                Charms                       2
   d - Spectral Weapon                Hexes/Charms                 3
   e - Regeneration                   Charms/Necromancy            3
Comestibles
 d - 2 bread rations
 f - 3 fruits
 p - a chunk of flesh


   Skills:
 - Level 2.1 Fighting
 * Level 8.6 Polearms
 - Level 0.6 Armour
 - Level 1.3 Dodging
 - Level 2.0 Spellcasting
 - Level 3.2 Charms


You had 2 spell levels left.
You knew the following spells:

 Your Spells              Type           Power        Failure   Level  Hunger
a - Infusion              Chrm           ###...       1%          1    #......
b - Shroud of Golubria    Chrm/Tloc      ###.......   4%          2    ###....
c - Regeneration          Chrm/Necr      ###.......   13%         3    ###....


Dungeon Overview and Level Annotations

Branches:
Dungeon (4/15)
 Temple: D:4-7

Altars:
Sif Muna
Trog


Message History

Aim: a worker ant (severely wounded)
You hit the worker ant.
The worker ant is severely wounded.
The worker ant bites you.
* * * LOW HITPOINT WARNING * * *
Attack whom?
Press: ? - help, Dir - move target cursor, f/p - worker ant
Aim: a worker ant (severely wounded)
You hit the worker ant but do no damage.
The worker ant is severely wounded.
The worker ant barely misses you.
Drink which item? (? for menu, Esc to quit)
Okay, then.
Read which item? (? for menu, Esc to quit)
Okay, then.
Drink which item? (? for menu, Esc to quit)
You feel clever all of a sudden.
* * * LOW HITPOINT WARNING * * *
You feel sick. The worker ant bites you.
You die...

.####....).......##.......#
.# ############.########.#
.# #....<.....# .#
#..######### .# #..# .#
#..########## .#
#...........# .#
#a#########.#
<###############@# #.#
.#...............# #.#
.#.############### #.# .#.#
#.#
.#.#######################.#
.).........................#
#.................#######..#
#..##########..##.#######..#
#[.##### #..#...........####


You could see a worker ant.

Vanquished Creatures
  Terence (D:2)
  Robin (D:2)
  5 adders
  4 gnolls (D:3)
  3 oozes
  3 giant geckos
  3 orcs (D:3)
  A ball python (D:1)
  11 bats
  15 goblins
  9 hobgoblins
  3 quokkas (D:3)
  7 giant cockroaches
  2 giant newts
  4 jackals
  6 kobolds
  7 rats
85 creatures vanquished.

Notes
Turn   | Place    | Note
--------------------------------------------------------------
     0 | D:1      | inmateoo the Merfolk Skald began the quest for the Orb.
     0 | D:1      | Reached XP level 1. HP: 16/16 MP: 3/3
   332 | D:1      | Reached skill level 4 in Polearms
   332 | D:1      | Reached XP level 2. HP: 22/22 MP: 5/5
   366 | D:1      | Learned a level 2 spell: Shroud of Golubria
   908 | D:1      | Reached XP level 3. HP: 27/27 MP: 6/6
  1064 | D:2      | Reached skill level 5 in Polearms
  1126 | D:2      | Found a bloodstained altar of Trog.
  1218 | D:2      | Noticed Robin
  1251 | D:2      | Killed Robin
  1340 | D:2      | Reached skill level 6 in Polearms
  1340 | D:2      | Reached XP level 4. HP: 30/33 MP: 7/7
  1382 | D:2      | Noticed Terence
  1402 | D:2      | Killed Terence
  1705 | D:2      | Reached skill level 7 in Polearms
  1939 | D:2      | Found a deep blue altar of Sif Muna.
  2084 | D:3      | Reached XP level 5. HP: 38/38 MP: 8/8
  2223 | D:3      | Learned a level 3 spell: Regeneration
  2514 | D:3      | Reached skill level 8 in Polearms
  3128 | D:3      | HP: 1/38 [worker ant (5)]
  3130 | D:3      | Slain by a worker ant

Action                   |  1- 3 |  4- 6 || total
-------------------------+-------+-------++-------
Melee: Spear             |   160 |   289 ||   449
Throw: Throwing net      |       |     1 ||     1
 Cast: Infusion          |     2 |     2 ||     4
  Use: Scroll            |     3 |     3 ||     6
       Potion            |       |     4 ||     4
  Eat: Chunk             |     1 |     6 ||     7
